 Dungeon Sprint DCSS version 0.27-a0-681-g0c81a3c1c3 (webtiles) character file.

Game seed: 15529808465055925523

3456 rocky1 the Carver (level 10, -2/84 HPs)
             Began as a Formicid Fighter on Mar 20, 2021.
             Was a Priest of Ru.
             Slain by an orc warrior
             ... wielding a +0 trident
             ... led by an orc knight
              (29 damage)
             ... in the Dungeon (Sprint VII: "The Pits").
             The game lasted 00:12:30 (2361 turns).

rocky1 the Carver (Formicid Fighter)                Turns: 2361, Time: 00:12:31

Health: -2/84      AC: 16    Str: 24    XL:     10   Next: 26%
Magic:  11/11      EV: 12    Int:  8    God:    Ru [***...]
Gold:   0          SH: 13    Dex: 15    Spells: 9/9 levels left

rFire    . . .     SeeInvis +   n - +2 scimitar (holy)
rCold    . . .     Faith    .   c - +0 kite shield
rNeg     . . .     Spirit   .   o - +4 chain mail
rPois    +         Reflect  .   (helmet unavailable)
rElec    .         Harm     .   (no cloak)
rCorr    .         Rampage  .   (no gloves)
Will     +....                  a - +0 pair of boots
Stlth    ..........             (no amulet)
HPRegen  0.24/turn              d - +3 ring of evasion
MPRegen  0.12/turn              h - +3 ring of dexterity

@: constricted
A: permanent stasis, dig shafts and tunnels, antennae 3, no stealth, inability
to use devices, disrupted magic 1, four strong arms, claws 1, high mp 1, poison
resistance, screaming 1, strong 1, wild magic 1, evolution 1
a: Dig, Renounce Religion, Draw Out Power


You were in the Dungeon.
You worshipped Ru.
Ru was most pleased with you.
You visited 1 branch

Inventory:

Hand Weapons
 k - a +0 long sword of flaming
 n - a +2 scimitar of holy wrath (weapon)
Armour
 a - a +0 pair of boots (worn)
 c - a +0 kite shield (worn)
 o - a +4 chain mail (worn)
Jewellery
 d - a +3 ring of evasion (right claw)
 h - a +3 ring of dexterity (left claw)
Scrolls
 i - 5 scrolls of amnesia
 j - a scroll of summoning
Potions
 e - 8 potions of curing
 f - 8 potions of heal wounds
 g - 4 potions of magic
 l - a potion of resistance
 m - a potion of brilliance


   Skills:
 + Level 9.7 Fighting
 - Level 14.0 Long Blades
 + Level 9.7 Armour
 + Level 7.6 Dodging
 + Level 12.7 Shields


You had 9 spell levels left.
You didn't know any spells.
Your spell library was empty.

Dungeon Overview and Level Annotations

Branches:
Dungeon (1/1)

Altars:
Ashenzari
Cheibriados
Dithmenos
Elyvilon
Fedhas
Gozag
Hepliaklqana
Kikubaaqudgha
Makhleb
Nemelex Xobeh
Okawaru
Qazlal
Ru
Sif Muna
Trog
Uskayaw
Vehumet
Wu Jian
Xom
Yredelemnul
Zin
The Shining One
Beogh
Jiyva
Lugonu


Innate Abilities, Weirdness & Mutations

You cannot be hasted, slowed, berserked, paralysed or teleported.
You can dig through walls and to a lower floor.
You have a pair of large antennae on your head. (SInv)
You cannot be stealthy.
You cannot study or use magical devices.
Your casting is slightly disrupted.
Your four strong arms can wield two-handed weapons with a shield.
You have sharp fingernails.
You have an increased reservoir of magic. (+10% MP)
Your system is resistant to poisons. (rPois)
You occasionally shout uncontrollably at your foes.
Your muscles are strong. (Str +2)
Your spells are a little harder to cast, but a little more powerful.
You evolve.


Message History

The anaconda is lightly wounded.
The orc knight roars a battlecry!
The orcs go into a battle-frenzy!
The anaconda bites you! The anaconda constricts you.
You closely miss the anaconda.
The anaconda is lightly wounded.
The anaconda bites you but does no damage.
The anaconda constricts you.
The orc warrior hits you from afar with a +0 trident!
You barely miss the anaconda.
The anaconda is lightly wounded.
The anaconda bites you. The anaconda constricts you.
You block the orc warrior's attack.
You hit the anaconda.
The anaconda is lightly wounded.
You block the anaconda's attack. The anaconda constricts you.
The anaconda bites you but does no damage.
The anaconda constricts you.
You hit the anaconda but do no damage.
The anaconda is lightly wounded.
The orc warrior closely misses you.
The anaconda bites you but does no damage.
The anaconda constricts you.
You closely miss the anaconda.
The anaconda is lightly wounded.
The anaconda bites you but does no damage.
The anaconda constricts you. You block the orc warrior's attack.
You closely miss the anaconda.
The anaconda is lightly wounded.
The anaconda bites you. The anaconda constricts you.
The orc warrior closely misses you.
You slash the anaconda!
The anaconda is moderately wounded.
The anaconda bites you but does no damage.
The anaconda constricts you. The anaconda bites you.
The anaconda constricts you.
Your chain mail prevents you from hitting the anaconda.
The anaconda is moderately wounded.
The orc warrior hits you from afar with a +0 trident!!
You die...

##.......##..#..##...##o.+
##.......##..#..#.....#Y.
###########..'..+.....YY
+{ ###########..#..#.....#
{#
....#...[##..#{.##...##{.+
....#..[[##..##{.##{##.o#
....'..))##...##{{{..'o#
....#...)##..oo###{..###
....#..))##..ooS@#{{.+
######################


You could see an orc knight, an anaconda, 2 orc warriors and an orc (strong).

Vanquished Creatures
  A vampire knight (D)
  A black mamba (D)
  A hellwing (D)
  A hornet (D)
  A troll (D)
  A shadow (D)
  A wyvern (D)
  A chaos spawn (D)
  Edmund (D)
  A steam dragon (D)
  A warg (D)
  A floating eye (D)
  A swamp drake (D)
  A necrophage (D)
  A wolf (D)
  A centaur (D)
  A bullfrog (D)
  5 wights (D)
  A hound (D)
  An orc priest (D)
  2 orc wizards (D)
  2 worker ants (D)
  2 oozes (D)
  An orc (D)
  A goblin (D)
  A hobgoblin (D)
  3 quokkas (D)
  A ball python (D)
  A frilled lizard (D)
  A leopard gecko zombie (D)
  A quokka zombie (D)
40 creatures vanquished.

Notes
Turn   | Place    | Note
-------+----------+-------------------------------------------
     0 | D        | rocky1 the Formicid Fighter began the quest for the Orb.
     0 | D        | Reached XP level 1. HP: 18/18 MP: 1/1
    19 | D        | Reached skill level 3 in Long Blades
    23 | D        | Found a bloodstained altar of Trog.
    23 | D        | Found a shimmering blue altar of Sif Muna.
    23 | D        | Found a viscous altar of Jiyva.
    23 | D        | Found a hazy altar of Hepliaklqana.
    23 | D        | Found an opulent altar of Gozag.
    24 | D        | Found a glowing golden altar of the Shining One.
    24 | D        | Found a glowing silver altar of Zin.
    24 | D        | Found a basalt altar of Yredelemnul.
    24 | D        | Found a shimmering altar of Xom.
    24 | D        | Found an ornate altar of the Wu Jian Council.
    24 | D        | Found a sacrificial altar of Ru.
    24 | D        | Found a stormy altar of Qazlal.
    24 | D        | Found an iron altar of Okawaru.
    24 | D        | Found a sparkling altar of Nemelex Xobeh.
    24 | D        | Found a burning altar of Makhleb.
    24 | D        | Found a blossoming altar of Fedhas.
    24 | D        | Found a white marble altar of Elyvilon.
    24 | D        | Found a shadowy altar of Dithmenos.
    24 | D        | Found a snail-covered altar of Cheibriados.
    27 | D        | Found a corrupted altar of Lugonu.
    27 | D        | Found a radiant altar of Vehumet.
    28 | D        | Found an ancient bone altar of Kikubaaqudgha.
    28 | D        | Found a hide-covered altar of Uskayaw.
    28 | D        | Found a broken altar of Ashenzari.
    52 | D        | Became a worshipper of Ru the Awakened
   115 | D        | Reached XP level 2. HP: 24/24 MP: 2/2
   123 | D        | Reached skill level 5 in Shields
   233 | D        | Noticed a floating eye
   248 | D        | Gained mutation: Your casting is slightly disrupted. [Ru
                  | sacrifice]
   249 | D        | Killed a floating eye
   250 | D        | Reached skill level 6 in Long Blades
   250 | D        | Reached XP level 3. HP: 21/29 MP: 3/3
   250 | D        | Reached XP level 4. HP: 25/35 MP: 4/4
   250 | D        | Reached XP level 5. HP: 30/41 MP: 5/5
   255 | D        | Reached skill level 7 in Long Blades
   316 | D        | Noticed a centaur
   316 | D        | Noticed a wolf
   328 | D        | Killed a centaur
   329 | D        | Reached skill level 9 in Long Blades
   329 | D        | Reached XP level 6. HP: 43/47 MP: 6/6
   332 | D        | Noticed a warg
   339 | D        | Killed a wolf
   340 | D        | Reached skill level 11 in Long Blades
   345 | D        | HP: 2/45 [wight/+3 falchion of freezing (3)]
   355 | D        | Reached skill level 12 in Long Blades
   355 | D        | Reached XP level 7. HP: 19/52 MP: 7/7
   367 | D        | HP: 2/52 [warg (10)]
   369 | D        | Killed a warg
   370 | D        | Reached skill level 13 in Long Blades
   383 | D        | HP: 2/49 [wight/+3 mace (4)]
   703 | D        | Reached skill level 1 in Dodging
   705 | D        | Noticed a steam dragon
   712 | D        | Killed a steam dragon
   713 | D        | Reached skill level 14 in Long Blades
   713 | D        | Reached XP level 8. HP: 31/61 MP: 8/8
   870 | D        | Gained mutation: You cannot study or use magical devices.
                  | [Ru sacrifice]
   870 | D        | Reached * piety under Ru
   870 | D        | Reached ** piety under Ru
  1182 | D        | Noticed Edmund
  1182 | D        | Noticed a troll
  1194 | D        | Killed Edmund
  1195 | D        | Reached skill level 5 in Fighting
  1195 | D        | Reached skill level 5 in Armour
  1201 | D        | Killed a troll
  1202 | D        | Reached skill level 10 in Shields
  1249 | D        | Gained mutation: You are partially covered in yellow
                  | scales. (AC +2) [potion of mutation]
  1249 | D        | Gained mutation: Your spells are a little harder to cast,
                  | but a little more powerful. [potion of mutation]
  1249 | D        | Gained mutation: You occasionally shout uncontrollably at
                  | your foes. [potion of mutation]
  1249 | D        | Gained mutation: You have an increased reservoir of magic.
                  | (+10% MP) [potion of mutation]
  1250 | D        | Lost mutation: You are partially covered in yellow scales.
                  | (AC +2) [potion of mutation]
  1250 | D        | Gained mutation: You have sharp fingernails. [potion of
                  | mutation]
  1250 | D        | Gained mutation: Your system is resistant to poisons.
                  | (rPois) [potion of mutation]
  1250 | D        | Gained mutation: You evolve. [potion of mutation]
  1514 | D        | Noticed a wyvern
  1518 | D        | Killed a wyvern
  1519 | D        | Reached XP level 9. HP: 62/71 MP: 9/9
  1542 | D        | Reached skill level 5 in Dodging
  1542 | D        | Noticed a black mamba
  1560 | D        | Killed a black mamba
  1564 | D        | Gained mutation: Your muscles are strong. (Str +2)
                  | [evolution]
  1984 | D        | Noticed a hellwing
  1996 | D        | Killed a hellwing
  2005 | D        | Noticed a hornet
  2016 | D        | Killed a hornet
  2070 | D        | Noticed a vampire knight
  2080 | D        | Killed a vampire knight
  2081 | D        | Reached XP level 10. HP: 24/84 MP: 11/11
  2328 | D        | Gained mutation: You cannot be stealthy. [Ru sacrifice]
  2328 | D        | Reached *** piety under Ru
  2330 | D        | Noticed an orc knight
  2332 | D        | Noticed an anaconda
  2361 | D        | Slain by an orc warrior

Illustrated notes

Levels and vault maps discovered:
D:        pitsprint [storerooms_1, entrance_room_1, metal_vault_6, armoury_3,
          mini_pit_1, grid_room_1, main_hall_1, silver_pit, the_coven_3,
          the_vestibule_1, steel_vault_2, golden_pit, hallway_of_sentries,
          crystal_vault_1, iron_vault_1, final_vault]

Skill      XL: |  1  2  3  4  5  6  7  8  9 |
---------------+----------------------------+-----
Long Blades    | 3 6 9 12 14 | 14.0
Shields        | 4 8 9 10 12 | 12.7
Dodging        | 2 4 7 |  7.6
Fighting       | 4 6 9 |  9.7
Armour         | 4 6 9 |  9.7

Action                   |  1- 3 |  4- 6 |  7- 9 | 10-12 || total
-------------------------+-------+-------+-------+-------++-------
Melee: Long sword        |    37 |    37 |    79 |       ||   153
       Scimitar          |       |       |    73 |    16 ||    89
Invok: Sacrifice Essence |     1 |       |       |       ||     1
       Sacrifice Artific |       |       |     1 |       ||     1
       Sacrifice Stealth |       |       |       |     1 ||     1
  Use: Potion            |       |     2 |     7 |       ||     9
 Stab: Invisible         |       |     2 |     5 |       ||     7
       Confused          |       |       |     1 |       ||     1
Armor: Scale mail        |    13 |     4 |     6 |       ||    23
       Chain mail        |       |       |    16 |     9 ||    25
Dodge: Dodged            |    13 |    16 |    35 |     4 ||    68
Block: Kite shield       |    15 |    12 |    50 |     8 ||    85
       Rpst.: Long sword |     2 |     3 |     8 |       ||    13
       Scimitar          |       |       |     5 |       ||     5

Table legend: (Time is in decaauts)
 A = Elapsed time spent in this place.
 B = Non-inter-level travel time spent in this place.
 C = Inter-level travel time spent in this place.
 D = Time resting spent in this place.
 E = Time spent auto-exploring this place.
 F = Levels seen in this place.
 G = Mean time per level.
                   A        B        C        D        E       F      G
               +--------+--------+--------+--------+--------+-----+--------+
         Total |   2323 |   2282 |     41 |   1696 |      0 |   1 | 2323.0 |
       Dungeon |   2323 |   2282 |     41 |   1696 |      0 |   1 | 2323.0 |
               +--------+--------+--------+--------+--------+-----+--------+

Top non-repeatable levels by time:
       D: 2323 daAuts
